[Event "Titled Tuesday Blitz March 08 Late 2022"]
[White "Przybylski, Wojciech"]
[Black "Rustemov, Alexander"]
[WhiteFideId "1117599"]
[BlackFideId "4119002"]
[WhiteElo "2507"]
[BlackElo "2756"]
[Result "0-1"]
[Round "05"]
[TimeControl "180+1"]
[Date "2022.03.09"]
[WhiteClock "0:00:09"]
[BlackClock "0:01:29"]

1. e4 e6 2. d4 d5 3. Nc3 Bb4 4. a3 Bxc3+ 5. bxc3 dxe4 6. Qg4 Nf6 7. Qxg7 Rg8 8. Qh6 b6 9. Ne2 Bb7 10. h3 Nbd7 11. Qe3 h5 12. c4 Qe7 13. Qc3 O-O-O 14. Be3 c5 15. O-O-O cxd4 16. Nxd4 Nc5 17. Be2 Rxg2 18. Nb5 a6 19. Rxd8+ Kxd8 20. Rd1+ Kc8 21. Nd6+ Kb8 22. Qe5 Nfd7 23. Qxh5 f5 24. Qh8+ Qf8 25. Qxf8+ Nxf8 26. Nxb7 Kxb7 27. h4 Rh2 28. Bg5 Ng6 29. h5 Nh4 30. h6 Nf3 31. Bxf3 exf3 32. Rd8 Ne4 33. Bf4 Rh1+ 34. Kb2 Nxf2 35. Rd7+ Kc8 36. Ra7 Ne4 37. h7 f2 38. Ra8+ Kb7 39. Rb8+ Ka7 40. h8=Q Rxh8 41. Rxh8 f1=Q 42. Rh7+ Ka8 43. Rh8+ Kb7 44. Rh7+ Kc8 45. Rh8+ Kd7 46. Rh7+ Ke8 47. Rh8+ Kf7 48. Be5 Qxc4 49. Rh7+ Kg6 50. Rg7+ Kh6 0-1


[Site "https://www.chess.com"]

[Event "Titled Tuesday Blitz March 08 Late 2022"]
[White "Rastbod, Ali"]
[Black "Arnold, Ken"]
[WhiteFideId "12567477"]
[BlackFideId "2056836"]
[WhiteElo "2200"]
[BlackElo "2300"]
[Result "1-0"]
[Round "05"]
[TimeControl "180+1"]
[Date "2022.03.09"]
[WhiteClock "0:01:49"]
[BlackClock "0:00:43"]

1. d4 Nf6 2. Nf3 e6 3. c4 b6 4. g3 Bb7 5. Bg2 d6 6. O-O Nbd7 7. Nc3 Be7 8. d5 exd5 9. cxd5 O-O 10. Nd4 Re8 11. e4 a5 12. Re1 Bf8 13. b3 Nc5 14. f3 g6 15. Bb2 Bg7 16. Qd2 Nfd7 17. f4 Ba6 18. Nc6 Qc8 19. Re3 Nb8 20. Nd4 Bb7 21. Rae1 c6 22. dxc6 Nxc6 23. Ndb5 Bf8 24. Nd5 Qd8 25. Nf6+ 1-0


[Site "https://www.chess.com"]

[Event "Titled Tuesday Blitz March 08 Late 2022"]
[White "Riehle, Marco"]
[Black "Van Foreest, Jorden"]
[WhiteFideId "12904392"]
[BlackFideId "1039784"]
[WhiteElo "2462"]
[BlackElo "2609"]
[Result "0-1"]
[Round "05"]
[TimeControl "180+1"]
[Date "2022.03.08"]
[WhiteClock "0:01:10"]
[BlackClock "0:01:36"]

1. e4 c6 2. c4 d5 3. cxd5 cxd5 4. exd5 Nf6 5. Nc3 g6 6. Bc4 Bg7 7. Nf3 O-O 8. O-O Nbd7 9. d3 a6 10. a4 Nb6 11. Qb3 Bf5 12. Re1 Rc8 13. Be3 Nfd7 14. a5 Nxc4 15. dxc4 Qc7 16. Bd4 Rfe8 17. Bxg7 Kxg7 18. h3 Qxc4 19. Qxb7 Rc7 20. Ra4 Qxc3 21. Qxa6 Qxb2 22. Qf1 Qb3 23. Rd4 Nc5 24. d6 Rd7 25. dxe7 Bd3 26. Rxd3 Qxd3 0-1


[Site "https://www.chess.com"]

[Event "Titled Tuesday Blitz March 08 Late 2022"]
[White "Risteski, Emil"]
[Black "Yuan, Qingyu"]
[WhiteFideId "15005267"]
[BlackFideId "8609772"]
[WhiteElo "2070"]
[BlackElo "2359"]
[Result "1/2-1/2"]
[Round "05"]
[TimeControl "180+1"]
[Date "2022.03.08"]
[WhiteClock "0:00:11"]
[BlackClock "0:00:09"]

1. e4 c5 2. Nc3 d6 3. f4 g6 4. Nf3 Bg7 5. Bb5+ Bd7 6. Bc4 Nc6 7. O-O e6 8. f5 Nf6 9. fxe6 Bxe6 10. Bb5 O-O 11. Bxc6 bxc6 12. d3 h6 13. Qe1 Nd7 14. Bf4 Ne5 15. Nxe5 dxe5 16. Be3 c4 17. dxc4 Bxc4 18. Rf2 Qh4 19. Rd2 Qg4 20. h3 Qe6 21. Rad1 Qe7 22. Rd6 Qb7 23. b3 Be6 24. Na4 Rfe8 25. Nc5 Qc8 26. Nxe6 Rxe6 27. Qd2 Qe8 28. Rd8 Rxd8 29. Qxd8 a6 30. Qxe8+ Rxe8 31. Rd7 f5 32. Rd6 f4 33. Bb6 Re7 34. Kf1 g5 35. Rxc6 Rd7 36. Ke2 h5 37. Rc7 Rd6 38. Bc5 Re6 39. c4 g4 40. Bf2 f3+ 41. Kf1 Rg6 42. hxg4 fxg2+ 43. Kxg2 Rxg4+ 44. Kf3 Rf4+ 45. Ke3 Bh6 46. Ke2 Rxe4+ 47. Kf3 Rf4+ 48. Kg2 e4 49. Rc6 Rg4+ 50. Kh3 Bg5 51. Bd4 e3 52. Bc5 Kf7 53. Rc7+ Ke6 54. Rc8 Kd7 55. Rg8 e2 56. Bf2 Bd2 57. Rxg4 hxg4+ 58. Kxg4 e1=Q 59. Bxe1 Bxe1 60. Kf3 Kd6 61. Ke2 Bh4 62. Kd3 Kc5 63. a3 Bf6 64. b4+ Kb6 65. Kc2 Be5 66. Kb3 Kb7 67. a4 Bd4 68. a5 Be5 69. Ka4 Bc7 70. b5 Bd6 71. bxa6+ Kxa6 72. Kb3 Bc5 73. Ka4 Bd6 74. c5 Bxc5 75. Kb3 Kxa5 1/2-1/2


[Site "https://www.chess.com"]

[Event "Titled Tuesday Blitz March 08 Late 2022"]
[White "Romero Ruscalleda, Josep"]
[Black "Iskusnyh, Sergei"]
[WhiteFideId "2231859"]
[BlackFideId "4120027"]
[WhiteElo "2309"]
[BlackElo "2492"]
[Result "1-0"]
[Round "05"]
[TimeControl "180+1"]
[Date "2022.03.09"]
[WhiteClock "0:00:05"]
[BlackClock "0:00:01"]

1. e4 e6 2. d4 d5 3. e5 c5 4. c3 Nc6 5. Be3 Qb6 6. Qd2 Nh6 7. Nf3 Nf5 8. dxc5 Bxc5 9. Bxc5 Qxc5 10. Bd3 Nfe7 11. O-O Ng6 12. Re1 O-O 13. h4 h6 14. h5 Nge7 15. Qf4 f6 16. b4 Qb6 17. exf6 Rxf6 18. Qe3 Bd7 19. a4 Qxe3 20. Rxe3 Be8 21. Nbd2 Bxh5 22. Ne5 Nxe5 23. Rxe5 Bg6 24. Bf1 Rc8 25. c4 Nc6 26. Ree1 Nxb4 27. cxd5 exd5 28. Nb3 Rcf8 29. Re2 Nd3 30. f3 Nf4 31. Rd2 Rc8 32. Nd4 Ne6 33. Nb5 a6 34. Nd6 Rc7 35. Rxd5 Nf4 36. Rd2 Rd7 37. Rad1 Kh7 38. Ne4 Bxe4 39. Rxd7 Bc6 40. Rc7 Rg6 41. Kf2 Re6 42. g3 Nh5 43. Bd3+ Rg6 44. Bxg6+ Kxg6 45. Rd6+ 1-0


[Site "https://www.chess.com"]

[Event "Titled Tuesday Blitz March 08 Late 2022"]
[White "Ronka, Erik"]
[Black "Jaferian, Koosha"]
[WhiteFideId "505080"]
[BlackFideId "12507440"]
[WhiteElo "2264"]
[BlackElo "2030"]
[Result "0-1"]
[Round "05"]
[TimeControl "180+1"]
[Date "2022.03.08"]
[WhiteClock "0:00:01"]
[BlackClock "0:00:19"]

1. e4 c6 2. Nf3 d5 3. Nc3 Bg4 4. h3 Bxf3 5. Qxf3 e6 6. d4 dxe4 7. Qxe4 Nf6 8. Qd3 Na6 9. a3 Nc7 10. Be2 Bd6 11. O-O Qe7 12. b3 O-O-O 13. Bb2 g5 14. Ne4 Nxe4 15. Qxe4 f5 16. Qe3 h5 17. c4 Bf4 18. Qf3 Rdg8 19. d5 e5 20. dxc6 g4 21. cxb7+ Kb8 22. Qc6 gxh3 23. g3 h4 24. Kh1 hxg3 25. fxg3 Rxg3 26. Rad1 Rg2 27. Rxf4 Rxe2 28. Rd7 Re1+ 29. Kh2 Re2+ 30. Kh1 Qxd7 31. Qxd7 Rxb2 32. Rxf5 Rb1+ 33. Kh2 Rb2+ 34. Kh1 h2 35. Rf1 Rxb3 36. c5 Rxb7 37. c6 Rb6 38. Qg7 Rc8 39. Rf8 Rxc6 40. Rxc8+ Kxc8 41. Qxe5 Kb7 42. Kxh2 Ra6 43. Qc3 Rc6 44. Qb4+ Rb6 45. Qe4+ Rc6 46. a4 Ne6 47. Kh3 a6 48. Qb4+ Kc7 49. Qe7+ Kb6 50. Kg4 Nc5 51. Qd8+ Rc7 0-1


[Site "https://www.chess.com"]

[Event "Titled Tuesday Blitz March 08 Late 2022"]
[White "Rorrer, Grayson"]
[Black "Prohorov, Olexandr"]
[WhiteFideId "30944996"]
[BlackFideId "14105578"]
[WhiteElo "2122"]
[BlackElo "1993"]
[Result "1-0"]
[Round "05"]
[TimeControl "180+1"]
[Date "2022.03.09"]
[WhiteClock "0:01:42"]
[BlackClock "0:00:33"]

1. e4 c5 2. Nf3 e6 3. d4 cxd4 4. Nxd4 Qb6 5. Nb3 Nf6 6. Qe2 Nc6 7. Nc3 Bb4 8. Bd2 O-O 9. a3 Be7 10. O-O-O Qc7 11. g4 d6 12. g5 Nd7 13. f4 a6 14. h4 b5 15. h5 Bb7 16. g6 fxg6 17. hxg6 h6 18. f5 exf5 19. exf5 Nce5 20. Bg2 Nf6 21. Kb1 Rac8 22. Bf4 Bxg2 23. Qxg2 Nc4 24. Nd5 Qb7 25. Nxf6+ 1-0


[Site "https://www.chess.com"]

[Event "Titled Tuesday Blitz March 08 Late 2022"]
[White "Rosen, Eric"]
[Black "Hryshchenko, Kamila"]
[WhiteFideId "2032562"]
[BlackFideId "14147491"]
[WhiteElo "2362"]
[BlackElo "1929"]
[Result "1-0"]
[Round "05"]
[TimeControl "180+1"]
[Date "2022.03.08"]
[WhiteClock "0:00:04"]
[BlackClock "0:00:37"]

1. d4 d5 2. Bf4 c5 3. e3 cxd4 4. exd4 Nc6 5. Nf3 Bf5 6. Nbd2 e6 7. c3 f6 8. Nh4 Be4 9. Nxe4 dxe4 10. Qh5+ Ke7 11. Ng6+ hxg6 12. Qxh8 Kf7 13. Qh3 Qd5 14. Be2 Nge7 15. b3 Nf5 16. g4 Nfxd4 17. cxd4 Bb4+ 18. Kf1 Nxd4 19. Rd1 Rc8 20. Be3 e5 21. Bc4 Rxc4 22. bxc4 Qxc4+ 23. Kg2 b5 24. Rc1 Bc3 25. Bd2 Bxd2 26. Rxc4 bxc4 27. Qa3 a5 28. Qc5 f5 29. gxf5 gxf5 30. Rb1 Bg5 31. Qxc4+ Kg6 32. Rb6+ Bf6 33. Ra6 Nf3 34. Rxa5 Nh4+ 35. Kf1 Kg5 36. Qc8 Nf3 37. Ra3 Nxh2+ 38. Ke2 Kf4 39. Qc1+ Kg4 40. Rg3+ Kh5 41. Qh1 Bh4 42. Qxh2 g5 43. a4 f4 44. a5 g4 45. a6 e3 46. fxe3 fxg3 47. Qg2 1-0


[Site "https://www.chess.com"]

[Event "Titled Tuesday Blitz March 08 Late 2022"]
[White "Rudzinska, Michalina"]
[Black "Winkels, Marcel"]
[WhiteFideId "1172883"]
[BlackFideId "1003887"]
[WhiteElo "1904"]
[BlackElo "1900"]
[Result "1-0"]
[Round "05"]
[TimeControl "180+1"]
[Date "2022.03.09"]
[WhiteClock "0:01:35"]
[BlackClock "0:00:30"]

1. e4 c5 2. Nf3 d6 3. d4 cxd4 4. Nxd4 Nf6 5. Nc3 a6 6. h3 e5 7. Nb3 Be6 8. g4 Be7 9. Bg2 Nbd7 10. Be3 O-O 11. Qd2 Nb6 12. Nd5 Nc4 13. Qe2 Bxd5 14. exd5 Nxe3 15. fxe3 Rc8 16. O-O-O a5 17. Nd2 Qc7 18. Ne4 a4 19. Kb1 a3 20. b3 Nxe4 21. Bxe4 Qc3 22. Kc1 Bg5 23. Rhe1 Qb2+ 24. Kd2 Qc3+ 25. Kc1 g6 26. Qd3 Rc5 27. Qxc3 Rxc3 28. Rd3 Rfc8 29. Rxc3 Rxc3 30. Kd2 Rc7 31. c4 b6 32. Kc3 Bh4 33. Re2 Be7 34. Kb4 Ra7 35. Kb5 Bd8 36. Kc6 Ra5 37. Kxd6 Rc5 38. Kxe5 b5 39. Bd3 bxc4 40. bxc4 Bc7+ 41. Kd4 Ra5 42. c5 f6 43. d6 Bd8 44. c6 Bb6+ 45. Ke4 Re5+ 46. Kf3 Rd5 47. c7 Rc5 48. Rc2 Rxc2 49. Bxc2 Kf7 50. c8=Q 1-0


[Site "https://www.chess.com"]

[Event "Titled Tuesday Blitz March 08 Late 2022"]
[White "Salinas Herrera, Pablo"]
[Black "Salimova, Nurgyul"]
[WhiteFideId "3407128"]
[BlackFideId "2915138"]
[WhiteElo "2541"]
[BlackElo "2185"]
[Result "1-0"]
[Round "05"]
[TimeControl "180+1"]
[Date "2022.03.08"]
[WhiteClock "0:00:12"]
[BlackClock "0:00:18"]

1. d4 Nf6 2. Bf4 d5 3. e3 c5 4. Nf3 Nc6 5. Nbd2 Bf5 6. dxc5 e6 7. Nb3 Bxc5 8. Nxc5 Qa5+ 9. c3 Qxc5 10. Nd4 Bg6 11. Qb3 O-O 12. Qxb7 e5 13. Qxc6 Qxc6 14. Nxc6 exf4 15. exf4 Rfe8+ 16. Ne5 Ng4 17. f3 Nxe5 18. fxe5 Rxe5+ 19. Kd2 Rb8 20. b3 d4 21. cxd4 Rd8 22. Bc4 Rxd4+ 23. Kc3 Rd6 24. Rad1 Re3+ 25. Kb2 Rxd1 26. Rxd1 h5 27. Rd2 h4 28. Re2 Rxe2+ 29. Bxe2 Kf8 30. Kc3 Ke7 31. Kd4 Kd6 32. b4 Bb1 33. a4 g5 34. g3 hxg3 35. hxg3 Bc2 36. a5 f6 37. f4 gxf4 38. gxf4 Bf5 39. Bd3 Bd7 40. b5 Bc8 41. Be4 Bd7 42. b6 axb6 43. a6 Bc6 44. a7 1-0


[Site "https://www.chess.com"]

[Event "Titled Tuesday Blitz March 08 Late 2022"]
[White "Sanchez, Robert"]
[Black "Debray, Christopher"]
[WhiteFideId "2034360"]
[BlackFideId "630810"]
[WhiteElo "2280"]
[BlackElo "2393"]
[Result "0-1"]
[Round "05"]
[TimeControl "180+1"]
[Date "2022.03.09"]
[WhiteClock "0:01:14"]
[BlackClock "0:00:45"]

1. e4 c6 2. d4 d5 3. e5 c5 4. Nf3 cxd4 5. Nxd4 e6 6. Bd3 Nc6 7. Nf3 f6 8. Qe2 fxe5 9. Nxe5 Nf6 10. Nxc6 bxc6 11. O-O Bd6 12. f4 O-O 13. Nc3 Bc5+ 14. Kh1 Qe8 15. Bd2 Qh5 16. Rae1 Ng4 17. g3 e5 18. fxe5 Rf2 19. Rxf2 Bxf2 20. h4 Bxg3 21. Kg2 Bxe1 22. Qxe1 Be6 23. Qg3 Rf8 0-1


[Site "https://www.chess.com"]

[Event "Titled Tuesday Blitz March 08 Late 2022"]
[White "Sarkar, Justin"]
[Black "Janaszak, Dawid"]
[WhiteFideId "2010011"]
[BlackFideId "1119206"]
[WhiteElo "2038"]
[BlackElo "2199"]
[Result "0-1"]
[Round "05"]
[TimeControl "180+1"]
[Date "2022.03.09"]
[WhiteClock "0:00:01"]
[BlackClock "0:01:44"]

1. d4 e6 2. c4 f5 3. Nf3 Nf6 4. g3 Be7 5. Bg2 O-O 6. O-O Qe8 7. b3 d6 8. Nc3 Nbd7 9. Bb2 Ne4 10. Nd2 Nxc3 11. Bxc3 e5 12. f4 exd4 13. Bxd4 Bf6 14. Nf3 Qe7 15. Kh1 Nc5 16. Bxf6 Qxf6 17. b4 Ne4 18. Nd2 Nc3 19. Qb3 Nxe2 20. c5+ Kh8 21. cxd6 cxd6 22. Nf3 Nc3 23. Rac1 Ne4 24. Qd3 Be6 25. Nd2 d5 26. Nxe4 dxe4 27. Qd6 Bxa2 0-1


[Site "https://www.chess.com"]

[Event "Titled Tuesday Blitz March 08 Late 2022"]
[White "Senft, Sean"]
[Black "Bluebaum, Matthias"]
[WhiteFideId "2044960"]
[BlackFideId "24651516"]
[WhiteElo "2514"]
[BlackElo "2835"]
[Result "0-1"]
[Round "05"]
[TimeControl "180+1"]
[Date "2022.03.09"]
[WhiteClock "0:00:30"]
[BlackClock "0:01:46"]

1. d4 Nf6 2. c4 e6 3. Nc3 Bb4 4. Nf3 d5 5. Qa4+ Nc6 6. e3 O-O 7. Bd2 Qe8 8. Qc2 dxc4 9. Bxc4 e5 10. dxe5 Nxe5 11. Nxe5 Qxe5 12. O-O Bf5 13. Qb3 Bd6 14. f4 Qe7 15. Nd5 Nxd5 16. Bxd5 c6 17. Bf3 Rad8 18. Rae1 Bc5 19. Bc1 Rd3 20. Qa4 b5 21. Qa6 Bb6 22. Bxc6 Rd6 23. Qxb5 Bd3 24. Qa4 Bxf1 25. Kxf1 Rc8 26. Bf3 g6 27. b3 Rxc1 28. Rxc1 Qxe3 29. Qe8+ Qxe8 0-1


[Site "https://www.chess.com"]

[Event "Titled Tuesday Blitz March 08 Late 2022"]
[White "Spitzl, Vinzent"]
[Black "Stoleriu, George"]
[WhiteFideId "12901253"]
[BlackFideId "1227505"]
[WhiteElo "2160"]
[BlackElo "2203"]
[Result "1-0"]
[Round "05"]
[TimeControl "180+1"]
[Date "2022.03.09"]
[WhiteClock "0:00:42"]
[BlackClock "0:01:29"]

1. e4 e6 2. d4 d5 3. Nd2 Be7 4. Ngf3 Nf6 5. e5 Nfd7 6. Bd3 c5 7. c3 Nc6 8. O-O g5 9. dxc5 g4 10. Nd4 Ndxe5 11. N2b3 Nxd3 12. Qxd3 e5 13. Nxc6 bxc6 14. Bh6 Bf6 15. f3 g3 16. hxg3 Qd7 17. g4 a5 18. g5 Ba6 19. Qe3 Bxf1 20. gxf6 Bc4 21. Qxe5+ Qe7 22. Qxe7# 1-0


[Site "https://www.chess.com"]

[Event "Titled Tuesday Blitz March 08 Late 2022"]
[White "Suarez Uriel, Adrian"]
[Black "Makarian, Rudik"]
[WhiteFideId "22230874"]
[BlackFideId "44105681"]
[WhiteElo "2316"]
[BlackElo "2388"]
[Result "0-1"]
[Round "05"]
[TimeControl "180+1"]
[Date "2022.03.08"]
[WhiteClock "0:00:03"]
[BlackClock "0:00:17"]

1. e4 d6 2. d4 Nf6 3. Nc3 e5 4. Nf3 Nbd7 5. Bc4 Be7 6. a4 c6 7. O-O O-O 8. Re1 exd4 9. Qxd4 Ne5 10. Nxe5 dxe5 11. Qxe5 Ng4 12. Qf4 Bc5 13. Be3 Nxe3 14. fxe3 Qe7 15. e5 Be6 16. Bd3 Bb4 17. Qe4 g6 18. Qf4 Bxc3 19. bxc3 Rfe8 20. a5 Rad8 21. Rab1 Bd5 22. c4 Be6 23. h4 Bc8 24. h5 Qxe5 25. hxg6 hxg6 26. Rf1 Qxe3+ 27. Qxe3 Rxe3 28. c5 a6 29. Bc4 Rd7 30. Rbd1 Ree7 31. Rd6 Kg7 32. Kh2 f5 33. g3 Re5 34. Rfd1 Rde7 35. Rd8 Be6 36. Bxe6 R5xe6 37. R1d7 Kf6 38. Kg2 Ke5 39. Kf3 g5 40. Rxe7 Rxe7 41. Rg8 g4+ 42. Ke3 Kd5+ 43. Kd3 Kxc5 44. Rf8 Re5 45. Rf7 Kb5 46. Rxb7+ Kxa5 47. Kd4 Rd5+ 48. Kc4 Rb5 49. Rc7 Kb6 50. Rf7 a5 51. Rf8 a4 52. Rb8+ Ka7 53. Rc8 a3 54. Rc7+ Kb6 55. Rc8 a2 56. Ra8 Ra5 57. Rb8+ Kc7 0-1


[Site "https://www.chess.com"]

[Event "Titled Tuesday Blitz March 08 Late 2022"]
[White "Suder, Jakub"]
[Black "Bryakin, Mikhail"]
[WhiteFideId "1195310"]
[BlackFideId "4165314"]
[WhiteElo "2058"]
[BlackElo "2417"]
[Result "1/2-1/2"]
[Round "05"]
[TimeControl "180+1"]
[Date "2022.03.08"]
[WhiteClock "0:00:13"]
[BlackClock "0:00:40"]

1. d4 Nf6 2. c4 g6 3. Nc3 Bg7 4. e4 d6 5. Be2 O-O 6. Nf3 e5 7. O-O Nc6 8. d5 Ne7 9. Ne1 Nd7 10. Be3 a5 11. Nd3 b6 12. a3 Nc5 13. b4 Nxd3 14. Bxd3 f5 15. f3 f4 16. Bf2 g5 17. c5 h5 18. Be2 Bf6 19. Rc1 Rf7 20. cxb6 cxb6 21. Nb5 Rb8 22. Nc7 axb4 23. axb4 Kh7 24. Ne6 Qg8 25. Kh1 Ng6 26. Rc6 Be7 27. Rxb6 Ra8 28. Rc6 Nh4 29. Rg1 Ra2 30. Rc2 Ra3 31. Qc1 Ra8 32. Qd1 Ra3 33. Qc1 Ra8 34. b5 Bxe6 35. dxe6 Rg7 36. g3 fxg3 37. hxg3 Ng6 38. b6 Qxe6 39. Rg2 h4 40. Rh2 Bf6 41. Bc4 Qd7 42. Bd5 Rb8 43. Rc7 Qb5 44. Rxg7+ Bxg7 45. gxh4 g4 46. Qg5 Qf1+ 47. Bg1 Qxf3+ 48. Rg2 Qh3+ 49. Bh2 Rxb6 50. Ba2 Nf4 51. Qf5+ Kh6 52. Qg5+ Kh7 53. Qf5+ Kh6 54. Qg5+ Kh7 1/2-1/2


[Site "https://www.chess.com"]

[Event "Titled Tuesday Blitz March 08 Late 2022"]
[White "Supatashvili, Khvicha"]
[Black "Qashashvili, Alexandre"]
[WhiteFideId "13600664"]
[BlackFideId "13600842"]
[WhiteElo "2693"]
[BlackElo "2316"]
[Result "1-0"]
[Round "05"]
[TimeControl "180+1"]
[Date "2022.03.09"]
[WhiteClock "0:00:39"]
[BlackClock "0:00:08"]

1. e4 c6 2. d4 d5 3. exd5 cxd5 4. Bd3 Nf6 5. c3 Nc6 6. Bf4 e6 7. Nf3 Bd6 8. Bg3 Bxg3 9. hxg3 h6 10. Nbd2 b6 11. Qe2 Bb7 12. Bb5 a6 13. Bxc6+ Bxc6 14. Ne5 Qc7 15. g4 Nd7 16. Ndf3 Nxe5 17. Nxe5 Bb5 18. Qe3 O-O-O 19. a4 Bc6 20. a5 bxa5 21. Nd3 Kb7 22. Nc5+ Ka7 23. b4 a4 24. Nxa4 Bxa4 25. Rxa4 Rd6 26. O-O Rc8 27. Ra3 Rb8 28. Rfa1 Rbb6 29. Ra5 Rdc6 30. Rc5 Qb7 31. Qf4 Rb5 32. g5 hxg5 33. Qxg5 g6 34. Qf6 Rbxc5 35. dxc5 Rc7 36. Qd4 Rc6 37. f4 Qb5 38. Kf2 Kb7 39. Ra5 Qc4 40. Qxc4 dxc4 41. Ke3 Rc7 42. Kd4 Rd7+ 43. Kxc4 Rd2 44. g3 Rg2 45. c6+ Kb6 46. c7 Kxc7 47. Rxa6 Kb7 48. Rd6 Kc7 49. Rd3 f6 50. Kc5 e5 51. fxe5 fxe5 52. b5 e4 53. Re3 Rc2 54. c4 g5 55. Rxe4 Kd7 56. Rg4 1-0


[Site "https://www.chess.com"]

[Event "Titled Tuesday Blitz March 08 Late 2022"]
[White "Svane, Rasmus"]
[Black "Keymer, Vincent"]
[WhiteFideId "4657101"]
[BlackFideId "12940690"]
[WhiteElo "2645"]
[BlackElo "2557"]
[Result "1-0"]
[Round "05"]
[TimeControl "180+1"]
[Date "2022.03.08"]
[WhiteClock "0:00:22"]
[BlackClock "0:00:02"]

1. Nf3 d5 2. d4 Nf6 3. Bf4 e6 4. e3 Bd6 5. Nbd2 O-O 6. c3 c5 7. Bd3 Bxf4 8. exf4 b6 9. O-O Ba6 10. Qe2 Bxd3 11. Qxd3 Nc6 12. Rfe1 Qd6 13. g3 Rac8 14. Re2 cxd4 15. Nxd4 Nxd4 16. Qxd4 Qc5 17. Nb3 Qxd4 18. Nxd4 g6 19. f3 a6 20. g4 Nd7 21. Kf2 b5 22. a3 Rfe8 23. Rae1 Kf8 24. h4 Nc5 25. Kg3 Nd7 26. Rh1 h5 27. Rhe1 Kg8 28. Nc2 Kf8 29. gxh5 gxh5 30. f5 Nc5 31. Nd4 Nd3 32. Rd1 Nc5 33. fxe6 Nxe6 34. Nc2 Red8 35. Red2 Nc5 36. Ne3 d4 37. Rxd4 Rxd4 38. Rxd4 Na4 39. Rd2 Rc5 40. Kf4 Ke7 41. Nf5+ Ke8 42. Kg5 1-0


[Site "https://www.chess.com"]

[Event "Titled Tuesday Blitz March 08 Late 2022"]
[White "Szpar, Milosz"]
[Black "Morris-Suzuki, Sophie"]
[WhiteFideId "1184989"]
[BlackFideId "30922615"]
[WhiteElo "2447"]
[BlackElo "2499"]
[Result "1-0"]
[Round "05"]
[TimeControl "180+1"]
[Date "2022.03.09"]
[WhiteClock "0:02:16"]
[BlackClock "0:00:01"]

1. e4 c5 2. d4 cxd4 3. c3 d3 4. Nf3 b6 5. c4 Bb7 6. Nc3 a6 7. Bxd3 e6 8. O-O d6 9. Qe2 Nd7 10. Rd1 Qc7 11. Be3 Ngf6 12. Rac1 Be7 13. h3 O-O 14. Nd4 Rac8 15. f3 Qb8 16. b3 Rfe8 17. Qf2 Bd8 18. Bf1 Bc7 19. Kh1 Re7 20. b4 Rce8 21. Nb3 d5 22. c5 Bg3 23. Qg1 dxe4 24. fxe4 Nxe4 25. Nxe4 Bxe4 26. Bxa6 Ne5 27. Bf1 bxc5 28. Nxc5 Bc6 29. b5 Ba8 30. a4 Ng6 31. Nd7 Qb7 32. Nb6 Qe4 33. Nxa8 Rxa8 34. Be2 Qxa4 35. Ra1 Qe4 36. Bf3 Rxa1 37. Bxe4 Rxd1 38. Qxd1 Re8 39. b6 Ne7 40. Qd7 Nd5 41. Qxe8# 1-0


[Site "https://www.chess.com"]

[Event "Titled Tuesday Blitz March 08 Late 2022"]
[White "Sztokbant, Bernardo Vainzoff"]
[Black "Miszler, Levente"]
[WhiteFideId "2115956"]
[BlackFideId "763276"]
[WhiteElo "2237"]
[BlackElo "1966"]
[Result "0-1"]
[Round "05"]
[TimeControl "180+1"]
[Date "2022.03.09"]
[WhiteClock "0:00:02"]
[BlackClock "0:00:53"]

1. d4 Nf6 2. c4 g6 3. Nc3 Bg7 4. Nf3 d6 5. g3 O-O 6. Bg2 Nbd7 7. O-O e5 8. e4 Re8 9. Re1 h6 10. h3 exd4 11. Nxd4 Nc5 12. Rb1 Ne6 13. Nc2 Nd7 14. Be3 Ndc5 15. Qd2 a5 16. Bxh6 Bxh6 17. Qxh6 c6 18. Rbd1 Qe7 19. Ne3 Ng5 20. Kh2 Qf6 21. Rxd6 Qxd6 22. Qxg5 Ne6 23. Qf6 Qd8 24. Ng4 Qe7 25. Nh6+ Kh7 26. Ng4 Nc5 27. Qxe7 Rxe7 28. Nf6+ Kg7 29. Ng4 Be6 30. Bf1 Rae8 31. Ne3 Bd7 32. Bg2 Be6 33. Re2 Rd8 34. e5 Rd4 35. b3 a4 36. b4 Bxc4 37. Nxc4 Rxc4 38. bxc5 Rxc3 39. Re4 a3 40. Ra4 Rxe5 41. Ra7 Re2 42. Rxb7 Rxf2 43. Kg1 Rxa2 44. Bxc6 Rc1# 0-1


[Site "https://www.chess.com"]

[Event "Titled Tuesday Blitz March 08 Late 2022"]
[White "Tanenbaum, Zachary"]
[Black "Estrada Nieto, Julian"]
[WhiteFideId "2060850"]
[BlackFideId "5101018"]
[WhiteElo "2168"]
[BlackElo "2246"]
[Result "1-0"]
[Round "05"]
[TimeControl "180+1"]
[Date "2022.03.09"]
[WhiteClock "0:01:05"]
[BlackClock "0:00:04"]

1. e4 e5 2. Nf3 Nc6 3. Bc4 Bc5 4. c3 d6 5. d4 exd4 6. cxd4 Bb6 7. d5 Ne5 8. Nxe5 dxe5 9. O-O Nf6 10. Nc3 O-O 11. Qe2 Ne8 12. Be3 Nd6 13. Bd3 Qh4 14. Rac1 Bd7 15. Kh1 Rae8 16. Bxb6 axb6 17. Qe3 f5 18. f3 f4 19. Qf2 Qxf2 20. Rxf2 b5 21. Rfc2 Ra8 22. b3 b4 23. Nb1 Bb5 24. Bxb5 Nxb5 25. Rc5 Nd4 26. Rxc7 Rxa2 27. Rxb7 Ra1 28. h4 Ne2 29. Rcc7 Rxb1+ 30. Kh2 Ra8 31. Rxg7+ Kf8 32. Rxh7 Kg8 33. Kh3 Rb8 34. Rbg7+ Kf8 35. d6 Rd1 36. d7 Rd6 37. Kg4 Rh6 38. Rf7+ Kg8 39. Rhg7+ Kh8 40. Re7 Rg8 41. Rxg8+ Kxg8 42. d8=Q# 1-0


[Site "https://www.chess.com"]

[Event "Titled Tuesday Blitz March 08 Late 2022"]
[White "Todorovic, Bojan"]
[Black "Vargas Pereda, Jesus Manue"]
[WhiteFideId "917087"]
[BlackFideId "5115710"]
[WhiteElo "2266"]
[BlackElo "1780"]
[Result "1-0"]
[Round "05"]
[TimeControl "180+1"]
[Date "2022.03.09"]
[WhiteClock "0:02:26"]
[BlackClock "0:01:40"]

1. d4 f5 2. g3 Nf6 3. Bg2 e6 4. c4 Bb4+ 5. Bd2 Nc6 6. Nf3 O-O 7. Bxb4 Nxb4 8. O-O b6 9. Ne5 Rb8 10. a3 Na6 11. Nc3 d6 12. Nc6 Qe8 13. Nxb8 Nxb8 14. Nb5 Qf7 15. Nxa7 Bd7 16. Nb5 c5 17. Nxd6 1-0


[Site "https://www.chess.com"]

[Event "Titled Tuesday Blitz March 08 Late 2022"]
[White "Vakhlamov, Igor L."]
[Black "Nikologorsky, Matfei"]
[WhiteFideId "24126748"]
[BlackFideId "24102474"]
[WhiteElo "2401"]
[BlackElo "2231"]
[Result "1-0"]
[Round "05"]
[TimeControl "180+1"]
[Date "2022.03.08"]
[WhiteClock "0:01:35"]
[BlackClock "0:00:08"]

1. e4 c5 2. Nf3 e6 3. Nc3 a6 4. g3 b5 5. Bg2 Bb7 6. d3 d6 7. O-O Nd7 8. Re1 Ngf6 9. e5 dxe5 10. Nxe5 Bxg2 11. Kxg2 Nxe5 12. Rxe5 Bd6 13. Re1 O-O 14. Qf3 h6 15. a4 Qb6 16. axb5 a5 17. Bxh6 Nd5 18. Qg4 g6 19. Rxe6 Ne7 20. Bxf8 Rxf8 21. Ree1 Nf5 22. Qe4 Bb8 23. Qc6 Qd8 24. Qxc5 Qg5 25. Ne4 Nh4+ 26. Kf1 Qg4 27. Nf6+ 1-0


[Site "https://www.chess.com"]

[Event "Titled Tuesday Blitz March 08 Late 2022"]
[White "Vusatiuk, Vladimir"]
[Black "Andersson, Bjorn 1971"]
[WhiteFideId "14118610"]
[BlackFideId "1702114"]
[WhiteElo "2157"]
[BlackElo "2207"]
[Result "1-0"]
[Round "05"]
[TimeControl "180+1"]
[Date "2022.03.09"]
[WhiteClock "0:00:18"]
[BlackClock "0:00:47"]

1. d4 c5 2. d5 d6 3. e4 g6 4. Nc3 Bg7 5. Nf3 Na6 6. Be2 Nc7 7. O-O a6 8. a4 Bd7 9. a5 Nb5 10. Bd2 Nf6 11. e5 dxe5 12. Nxe5 O-O 13. Nxd7 Qxd7 14. Na4 Rad8 15. c4 Nd4 16. Nxc5 Qc7 17. b4 Nxe2+ 18. Qxe2 Nd7 19. Nxd7 Rxd7 20. Rac1 Re8 21. Rfd1 Be5 22. g3 Kg7 23. Be3 e6 24. Bb6 Qb8 25. d6 Rxd6 26. Qxe5+ 1-0


[Site "https://www.chess.com"]